 Dungeon Sprint DCSS version 0.31.0-32-g396128a36d (webtiles) character file.

Game seed: 5057428834637827919

1782 Groucho the Geomancer (level 8, 0/36 HPs)
             Began as a Spriggan Earth Elementalist on Apr 8, 2024.
             Was an Elder of Sif Muna.
             Killed by divine providence
             ... invoked by a smoke demon
              (11 damage)
             ... in the Dungeon (Sprint VII: "The Pits").
             The game lasted 00:05:43 (2534 turns).

Groucho the Geomancer (Spriggan Earth Elementalist) Turns: 2534, Time: 00:05:44

Health: 0/36       AC:  3    Str:  4    XL:     8   Next: 81%
Magic:  23/23      EV: 20    Int: 22    God:    Sif Muna [****..]
Gold:   0          SH:  0    Dex: 15    Spells: 16/28 levels left

rFire   . . .        h - +2 dagger
rCold   . . .        (no shield)
rNeg    . . .        a - +0 robe
rPois   .            (helmet restricted)
rElec   .            t - +0 cloak
rCorr   .            (gloves unavailable)
SInv    +            (boots unavailable)
Will    +....        (no amulet)
Stlth   +            n - +3 ring of evasion
HPRegen 0.26/turn    o - +3 ring of intelligence
MPRegen 0.18/turn

%: no teleportation
@: on fire, glowing, very quick
A: very small, no large weapons, unfitting armour, see invisible, speed 3
a: Renounce Religion, Channel Magic, Forget Spell, Divine Exegesis


You were in the Dungeon.
You worshipped Sif Muna.
Sif Muna was greatly pleased with you.
You visited 1 branch

Inventory:

Hand Weapons
 h - a +2 dagger (weapon)
 s - a +2 rapier of venom
Armour
 a - a +0 robe (worn)
 m - a +0 troll leather armour
 t - a +0 cloak (worn)
Jewellery
 n - a +3 ring of evasion (left hand)
 o - a +3 ring of intelligence (right hand)
Scrolls
 g - a scroll of blinking
 j - 2 scrolls of vulnerability
 k - 5 scrolls of amnesia
 l - a scroll of butterflies
Potions
 b - 4 potions of magic
 c - 5 potions of curing
 d - 2 potions of heal wounds
 e - 4 potions of haste
 f - 3 potions of berserk rage
 i - 2 potions of invisibility
 p - 3 potions of mutation
 q - 2 potions of might
 r - a potion of brilliance


   Skills:
 - Level 2.6 Dodging
 - Level 3.0 Stealth
 + Level 10.5 Spellcasting
 * Level 9.4 Conjurations
 * Level 11.5 Earth Magic
 + Level 5.4 Invocations


You had 16 spell levels left.
You knew the following spells:

 Your Spells              Type           Power      Damage    Failure   Level
a - Sandblast             Erth           100%       2d20      1%          1
b - Stone Arrow           Conj/Erth      100%       3d13      1%          3
c - Petrify               Alch/Erth      36%        N/A       5%          4
d - Brom's Barrelling Bo  Conj/Erth      55%        2d7       1%          4

Your spell library contained the following spells:

 Spells                   Type           Power      Damage    Failure   Level
 Passwall                 Erth           58%        N/A       1%          3


Dungeon Overview and Level Annotations

Branches:
Dungeon (1/1)

Altars:
Ashenzari
Cheibriados
Dithmenos
Elyvilon
Fedhas
Gozag
Hepliaklqana
Kikubaaqudgha
Makhleb
Nemelex Xobeh
Okawaru
Qazlal
Ru
Sif Muna
Trog
Uskayaw
Vehumet
Wu Jian
Xom
Yredelemnul
Zin
The Shining One
Jiyva
Lugonu


Innate Abilities, Weirdness & Mutations

You are very small and have problems with some larger weapons.
You are too small for most types of armour.
You have supernaturally acute eyesight. (SInv)
You cover ground extremely quickly. (Speed+++)


Message History

The smoke demon misses you.
Unknown command.
Unknown command.
You fail to use your ability.
The liquid fire burns you! The smoke demon gestures at you.
Something smites you!
* * * LOW HITPOINT WARNING * * *
Unknown command.
Unknown command.
You feel much better. The liquid fire burns you!
The smoke demon gestures at you. Something smites you!
You feel much better. The liquid fire burns you! The smoke demon hits you!
The smoke demon hits you. The smoke demon misses you.
You feel much better. The liquid fire burns you! The smoke demon hits you.
The smoke demon barely misses you. The smoke demon misses you.
Your magical contamination has completely faded away.
You feel much better. The liquid fire burns you!
The smoke demon closely misses you. The smoke demon barely misses you.
The smoke demon hits you but does no damage.
Magic courses through your body. The liquid fire burns you!
* * * LOW HITPOINT WARNING * * *
The smoke demon closely misses you.
The smoke demon hits you but does no damage.
The smoke demon hits you.
* * * LOW HITPOINT WARNING * * *
Unknown command.
You feel much better. The liquid fire burns you!
* * * LOW HITPOINT WARNING * * *
The smoke demon gestures at you. Something smites you!
You die...

________.# ________.#
______...###########++######
########'##................#
.(.')))'.##......#..#......#
########.##................+
.........)'................+
#####'#####......#..#......#
#..#...'.##.....@3.........#
#..#...#.#####'#####''#####
#..#####.##.......##''#
#..'...#.##.......##..#
#..†...).##.......##..#
#..########...<...##W.#
#..'[))).##.......##3.#
#..#[))).##.......##..#
###########.......##...


You could see a smoke demon.

Vanquished Creatures
  A flayed ghost (D)
  Joseph (D)
  A troll (D)
  A fire bat (D)
  A black bear (D)
  A sky beast (D)
  A crocodile (D)
  A brain worm (D)
  2 bullfrogs (D)
  3 killer bees (D)
  An iguana (D)
  A gnoll (D)
  2 adders (D)
  An adder skeleton (D)
  An orc (D)
  A giant cockroach (D)
  4 jackals (D)
  A quokka (D)
  A ball python zombie (D)
  A frilled lizard (D)
  A kobold (D)
28 creatures vanquished.

Vanquished Creatures (collateral kills)
  A jackal (D)
  2 boulders (D)
3 creatures vanquished.

Vanquished Creatures (others)
  A boulder (D)
1 creature vanquished.

Grand Total: 32 creatures vanquished

Notes
Turn   | Place    | Note
-------+----------+-------------------------------------------
     0 | D        | Groucho the Spriggan Earth Elementalist began the quest for
                  | the Orb.
     0 | D        | Reached XP level 1. HP: 9/9 MP: 5/5
    12 | D        | Reached skill level 1 in Conjurations
    37 | D        | Found a glowing golden altar of the Shining One.
    37 | D        | Found a glowing silver altar of Zin.
    37 | D        | Found a basalt altar of Yredelemnul.
    37 | D        | Found a shimmering altar of Xom.
    37 | D        | Found an ornate altar of the Wu Jian Council.
    37 | D        | Found a bloodstained altar of Trog.
    37 | D        | Found a shimmering blue altar of Sif Muna.
    37 | D        | Found a sacrificial altar of Ru.
    37 | D        | Found a stormy altar of Qazlal.
    37 | D        | Found an iron altar of Okawaru.
    37 | D        | Found a sparkling altar of Nemelex Xobeh.
    37 | D        | Found a burning altar of Makhleb.
    37 | D        | Found a viscous altar of Jiyva.
    37 | D        | Found a hazy altar of Hepliaklqana.
    37 | D        | Found an opulent altar of Gozag.
    37 | D        | Found a blossoming altar of Fedhas.
    37 | D        | Found a white marble altar of Elyvilon.
    37 | D        | Found a shadowy altar of Dithmenos.
    37 | D        | Found a snail-covered altar of Cheibriados.
    38 | D        | Found a radiant altar of Vehumet.
    38 | D        | Found a corrupted altar of Lugonu.
    39 | D        | Found an ancient bone altar of Kikubaaqudgha.
    39 | D        | Found a hide-covered altar of Uskayaw.
    39 | D        | Found a broken altar of Ashenzari.
    63 | D        | Reached skill level 3 in Earth Magic
   271 | D        | Reached XP level 2. HP: 13/13 MP: 2/7
   496 | D        | Noticed a bullfrog
   498 | D        | Reached skill level 4 in Earth Magic
   500 | D        | Killed a bullfrog
   501 | D        | Reached skill level 5 in Spellcasting
   501 | D        | Reached skill level 5 in Earth Magic
   501 | D        | Reached XP level 3. HP: 16/16 MP: 2/10
   501 | D        | Reached XP level 4. HP: 21/21 MP: 2/12
   633 | D        | Noticed a fire bat
   637 | D        | Killed a fire bat
   638 | D        | Reached skill level 5 in Conjurations
   638 | D        | Reached skill level 7 in Earth Magic
   638 | D        | Reached XP level 5. HP: 24/24 MP: 12/15
   642 | D        | Learned a level 3 spell: Stone Arrow
   648 | D        | Noticed a sky beast
   649 | D        | Noticed a black bear
   650 | D        | Killed a sky beast
   651 | D        | Reached skill level 8 in Earth Magic
   651 | D        | Reached XP level 6. HP: 28/28 MP: 4/17
   928 | D        | Became a worshipper of Sif Muna the Loreminder
   967 | D        | Reached * piety under Sif Muna
  1140 | D        | Noticed Joseph
  1146 | D        | Killed Joseph
  1147 | D        | Reached skill level 9 in Earth Magic
  1147 | D        | Reached XP level 7. HP: 32/32 MP: 0/20
  1541 | D        | Learned a level 4 spell: Petrify
  1546 | D        | Learned a level 4 spell: Brom's Barrelling Boulder
  1553 | D        | Reached ** piety under Sif Muna
  1561 | D        | Reached skill level 10 in Earth Magic
  1908 | D        | Reached *** piety under Sif Muna
  1913 | D        | Reached XP level 8. HP: 21/36 MP: 0/22
  2174 | D        | Noticed a troll
  2197 | D        | Killed a troll
  2508 | D        | Noticed a smoke demon
  2509 | D        | Noticed a flayed ghost
  2518 | D        | Reached **** piety under Sif Muna
  2523 | D        | Killed a flayed ghost
  2524 | D        | Reached skill level 10 in Spellcasting
  2524 | D        | Reached skill level 11 in Earth Magic
  2524 | D        | Reached skill level 5 in Invocations
  2534 | D        | Killed from afar by a smoke demon

Illustrated notes

Levels and vault maps discovered:
D:        pitsprint [storerooms_1, entrance_room_1, metal_vault_3, armoury_3,
          mini_pit_1, grid_room_1, main_hall_1, silver_pit, the_coven_2,
          the_vestibule_1, steel_vault_4, golden_pit, hallway_of_sentries,
          crystal_vault_2, iron_vault_4, final_vault]

Skill      XL: |  1  2  3  4  5  6  7  8 |
---------------+-------------------------+-----
Conjurations   | 2 4 5 6 7 8 9 |  9.4
Spellcasting   | 3 5 6 7 9 10 | 10.5
Earth Magic    | 3 5 7 8 9 10 11 | 11.5
Invocations    | 3 4 5 |  5.4
Dodging        | |  2.6
Stealth        | |  3.0

Action                     |  1- 3 |  4- 6 |  7- 9 || total
---------------------------+-------+-------+-------++-------
   Cast: Sandblast         |    12 |     5 |       ||    17
         Stone Arrow       |       |    17 |    19 ||    36
         Brom's Barrelling |       |       |     3 ||     3
    Use: Potion            |       |       |     8 ||     8
 Armour: Robe              |     1 |       |    12 ||    13
  Dodge: Dodged            |     4 |     3 |    13 ||    20
